Cogmind - Beta 14 @@@ ROGUE MODE // 2024.09.17 @ 17:06:19 Player: harambe Result: Destroyed by H-81 Overseer with Heavy Linear Accelerator Performance ------------- Evolutions (8) 4000 Regions Visited (14) 2800 Robots Destroyed (55) 275 Value Destroyed (2378) 2378 Prototype IDs (5) 100 Alien Tech Used (0) 0 Bonus (506) 506 TOTAL SCORE: 10059 Bonus ------- Follower Combat Kills 30 Scanned by Researcher 500 Friendly Fire -24 Cogmind --------- Core Integrity 0/1450 Matter 210/300 Energy 99/100 System Corruption 12% Temperature Cool (0) Movement Rolling (90) Location -2/Research Parts ------- > --- POWER (3) -------- (None) > --- PROPULSION (8) --- Centrium Wheel > --- UTILITY (9) ------ (None) > --- WEAPON (3) ------- (None) > --- INVENTORY (5) ---- Quantum Reactor Light Quantum Reactor Light Quantum Reactor Heavy Neutron Cannon Enhanced Nova Cannon Peak State ------------ > --- POWER ------------ Particle Reactor Micro Antimatter Reactor Micro Antimatter Reactor > --- PROPULSION ------- Heavy Siege Treads Improved Antigrav System Improved Antigrav System Improved Antigrav System Improved Antigrav System Improved Antigrav System > --- UTILITY ---------- Advanced Cryofiber Web Advanced Coolant Injector Medium Storage Unit Structural Scanner Enhanced Optical Array Advanced Signal Interpreter Seismic Detector Improved Hacking Suite > --- WEAPON ----------- HERF Cannon Advanced Plasma Cannon Matter Neutralizer > --- INVENTORY -------- Armored Medium Treads Improved Heat Sink Advanced Terrain Scanner Improved Particle Charger Gamma Rifle Nova Cannon Railgun Hypervelocity Mass Driver Hypervelocity Mass Driver Power Maul [Rating: 131] Favorites ----------- Power Ion Engine Engine Ion Engine Power Core Improved Fusion Compressor Reactor Particle Reactor Propulsion Compact Wheel Treads Armored Medium Treads Leg Myomer Leg Wheel Compact Wheel Hover Unit Antigrav System Flight Unit VTOL Module Utility Structural Scanner Device Structural Scanner Storage Large Storage Unit Processor Advanced Signal Interpreter Hackware Improved Hacking Suite Protection Propulsion Shielding Weapon Matter Neutralizer Energy Gun Shock Rifle Energy Cannon Matter Neutralizer Ballistic Gun Flak Gun Ballistic Cannon Hardcell Cannon Launcher Heavy Rocket Launcher Impact Weapon Power Maul Build | -11 -10 -10 -9 -9 -8 -7 -6 -5 -4 -4 -4 -3 -3 -2 ------- Run | Yrd Mat Min Mat Sto Mat Fac Fac Fac Fac Was Fac Res Tes Res Slots Evolved 16 | . . . 2 . 2 2 2 2 2 . . 2 . 2 Power 2 | . . . . . . . 1 . . . . 1 . . Propulsion 6 | . . . . . 1 1 1 . 2 . . . . 1 Utility 7 | . . . 1 . 1 1 . 2 . . . 1 . 1 Weapon 1 | . . . 1 . . . . . . . . . . . Parts Attached 138 | 1 4 . 2 11 7 15 1 19 1 . 38 19 11 9 Power 15 | . . . . 4 . . . 2 . . 3 3 2 1 Engine 7 | . . . . 4 . . . 1 . . 1 . 1 . Core 3 | . . . . . . . . 1 . . 2 . . . Reactor 5 | . . . . . . . . . . . . 3 1 1 Propulsion 46 | . 2 . . . 1 4 . 6 1 . 16 7 5 4 Treads 12 | . . . . . . 1 . 2 . . 5 1 3 . Leg 3 | . . . . . . . . . . . 2 . . 1 Wheel 9 | . 2 . . . 1 3 . . . . 1 1 . 1 Hover 13 | . . . . . . . . . 1 . 5 5 2 . Flight 9 | . . . . . . . . 4 . . 3 . . 2 Utility 32 | . 2 . 1 3 3 3 1 4 . . 9 4 1 1 Device 20 | . . . 1 2 1 2 . 3 . . 7 2 1 1 Storage 5 | . 1 . . 1 1 . . . . . 2 . . . Processor 3 | . . . . . . 1 1 . . . . 1 . . Hackware 1 | . . . . . . . . . . . . 1 . . Protection 3 | . 1 . . . 1 . . 1 . . . . . . Artifact . | . . . . . . . . . . . . . . . Weapon 45 | 1 . . 1 4 3 8 . 7 . . 10 5 3 3 Energy Gun 10 | . . . . 1 1 1 . 2 . . 4 1 . . Energy Cannon 11 | . . . . . . 2 . 2 . . 1 3 2 1 Ballistic Gun 10 | 1 . . 1 3 1 3 . 1 . . . . . . Ballistic Cannon 5 | . . . . . . . . 1 . . 2 1 1 . Launcher 2 | . . . . . . 1 . . . . 1 . . . Special Weapon . | . . . . . . . . . . . . . . . Impact Weapon 7 | . . . . . 1 1 . 1 . . 2 . . 2 Slashing Weapon . | . . . . . . . . . . . . . . . Piercing Weapon . | . . . . . . . . . . . . . . . Special Melee Weapon . | . . . . . . . . . . . . . . . Unidentified Prototypes 3 | . . . . . . . . . . . 1 . 1 1 Parts Lost 57 | . . . . 3 . 2 . 12 . 5 16 3 13 3 Power 9 | . . . . 2 . . . 2 . . 2 1 2 . Propulsion 24 | . . . . . . 1 . 5 . 2 8 . 7 1 Utility 12 | . . . . 1 . . . 1 . 1 4 . 4 1 Weapon 12 | . . . . . . 1 . 4 . 2 2 2 . 1 Highest Loss Streak 12 | . . . . 2 . 1 . 10 . 4 12 1 10 1 To Critical Strikes . | . . . . . . . . . . . . . . . Average Slot Usage (%) 77 | . 86 100 100 99 100 99 86 84 89 55 68 76 35 4 Engine 4 | . 14 14 11 10 9 7 6 3 . . . . . . Treads 4 | . . . . . . 1 . 4 10 3 5 12 4 . Leg 1 | . 21 . . . . . . . . . 2 . . . Wheel 11 | . 6 28 22 22 27 28 26 9 . . 3 1 . . Hover 2 | . . . . . . . . . 5 5 5 3 6 . Flight 1 | . . . . . . . . 4 15 6 2 . . 1 Device 15 | . . . 11 7 9 15 13 24 21 17 23 19 7 1 Storage 6 | . 14 14 11 14 12 7 6 5 5 1 4 4 1 . Processor 3 | . . . . . . 1 6 5 5 5 5 8 3 . Protection 5 | . 1 14 11 11 14 12 6 3 5 5 1 . . . Energy Gun 5 | . 14 14 11 11 9 7 6 4 5 3 4 2 . . Energy Cannon 3 | . . . . . . 5 6 5 5 3 2 6 4 . Ballistic Gun 5 | . 14 14 22 22 17 8 6 2 . . . . . . Ballistic Cannon 1 | . . . . . . . . 2 5 1 3 2 . . Peak Build Rating 131 | 6 8 8 10 12 20 31 33 54 59 59 103 131 118 35 Average Rating 48 | 6 6 8 9 10 16 26 31 43 59 38 71 105 47 13 On Entrance 31 | 6 6 8 8 10 12 18 31 33 54 59 22 87 118 2 Naked Turns 79 | . . . . . . . . . . . . . 25 54 Heaviest Build 79 | 12 28 28 30 35 40 45 44 56 48 48 46 79 79 4 Greatest Support 172 | 20 32 32 32 32 42 58 46 50 50 50 97 172 60 16 Greatest Overweight (x) 5 | . . . . 1 . . . 5 . 3 2 1 4 1 Average Overweight (x) . | . . . . . . . . . . . . . . . Largest Inventory Capacity 15 | 8 15 15 15 15 15 15 15 15 15 15 10 10 10 5 Average Capacity 11 | 8 9 15 15 15 15 15 15 15 15 8 9 10 7 5 Most Carried 15 | 6 11 15 14 15 15 15 15 15 13 13 10 10 10 5 Average Carried 11 | 6 7 13 13 14 14 14 15 13 13 7 8 9 6 4 Final Capacity 15 | 8 15 15 15 15 15 15 15 15 15 5 10 10 5 5 Final Carried 15 | 6 11 15 14 15 15 15 15 14 13 5 10 10 5 5 Class Distribution -------------------- 29% | Skirmisher 24% | Mutant 19% | Scavenger-Skirmisher 19% | Tank 3% | Scavenger-Tank Dominant Class ---------------- Mutant | -10/Materials Mutant | -10/Mines Tank | -9/Materials Tank | -9/Storage Tank | -8/Materials Tank | -7/Factory Scavenger-Skirmisher | -6/Factory Scavenger-Skirmisher | -5/Factory Scavenger-Skirmisher | -4/Factory Skirmisher | -4/Waste Skirmisher | -4/Factory Skirmisher | -3/Research Mutant | -3/Testing Mutant | -2/Research Resources | -11 -10 -10 -9 -9 -8 -7 -6 -5 -4 -4 -4 -3 -3 -2 ----------- Run | Yrd Mat Min Mat Sto Mat Fac Fac Fac Fac Was Fac Res Tes Res Matter Collected 1951 | 172 56 49 . 209 52 207 . 287 . 1 437 451 . 30 Remotely 371 | . . . . 45 . . . . . . 326 . . . Salvage Created 2088 | . 78 45 . 479 60 257 . 247 . . 472 450 . . Parts 138 | . 9 4 . 33 2 16 . 13 . . 30 31 . . Haulers Intercepted . | . . . . . . . . . . . . . . . Recyclers Shooed 1 | . . . . . . . . 1 . . . . . . Parts Field Recycled . | . . . . . . . . . . . . . . . Retrieved Matter . | . . . . . . . . . . . . . . . Parts Self-Destructed . | . . . . . . . . . . . . . . . Prevented . | . . . . . . . . . . . . . . . Kills | -11 -10 -10 -9 -9 -8 -7 -6 -5 -4 -4 -4 -3 -3 -2 ------- Run | Yrd Mat Min Mat Sto Mat Fac Fac Fac Fac Was Fac Res Tes Res Combat Hostiles Destroyed 50 | . 3 3 . 9 1 7 . 7 . . 13 7 . . Melee 1 | . . . . . . . . . . . 1 . . . Guns 22 | . 3 3 . 7 1 5 . 1 . . 2 . . . Cannons 19 | . . . . . . . . 6 . . 6 7 . . AOE 8 | . . . . 2 . 2 . . . . 4 . . . Classes Destroyed 6 | . 2 . . 3 . 1 . . . . . . . . Worker 4 | . . . . 1 . 1 . . . . . 2 . . Operator 1 | . 1 . . . . . . . . . . . . . Swarmer 18 | . 3 3 . . . 4 . 4 . . 4 . . . Grunt 7 | . . . . 5 . . . . . . 2 . . . Sentry 11 | . . . . 4 1 2 . 2 . . 1 1 . . Programmer 14 | . . . . . . 1 . 1 . . 6 6 . . Best Kill Streak 5 | . 3 3 . 3 1 4 . 3 . . 5 4 . . Combat Bots Only 5 | . 3 3 . 3 1 4 . 3 . . 5 3 . . Max Kills in Single Turn 4 | . 1 2 . 2 1 2 . 1 . . 4 1 . . Gunslinging 1 | . . 1 . . . . . . . . . . . . Exploded 4 | . . . . 1 . 1 . . . . 4 . . . Melee 1 | . . . . . . . . . . . 1 . . . Uniques/NPCs Destroyed . | . . . . . . . . . . . . . . . Combat | -11 -10 -10 -9 -9 -8 -7 -6 -5 -4 -4 -4 -3 -3 -2 -------- Run | Yrd Mat Min Mat Sto Mat Fac Fac Fac Fac Was Fac Res Tes Res Hostile Shots Fired 839 | . 19 6 . 36 4 50 . 98 . 5 218 68 182 153 Missed 286 | . 12 3 . 13 . 16 . 23 . 1 61 26 59 72 Damage Taken 11607 | . 57 20 . 339 61 456 . 1460 . 191 3116 1432 2367 2108 Core 3087 | . 6 . . 81 30 14 . 172 . . 308 178 846 1452 Absorbed by Shields 81 | . . . . . . . . . . . . . . 81 Redirected to Shielding 143 | . . . . 8 . 34 . . . 66 35 . . . Core Remaining (%) 82 | 100 . 97 . 79 94 98 100 82 . . 73 . 21 . Volleys Fired 139 | . 7 3 . 23 3 11 . 25 . 4 37 23 2 1 Largest 3 | . 2 2 . 3 3 3 . 3 . 3 3 3 3 1 Hottest 291 | . 60 60 . 83 93 138 . 193 . 188 224 291 277 120 Shots Fired 328 | . 13 6 . 69 9 27 . 54 . 12 69 64 4 1 Gun 173 | . 13 6 . 69 9 19 . 12 . 4 29 12 . . Cannon 151 | . . . . . . 5 . 42 . 8 39 52 4 1 Launcher 4 | . . . . . . 3 . . . . 1 . . . Special . | . . . . . . . . . . . . . . . Kinetic 148 | . 6 3 . 46 6 11 . 25 . 4 35 11 1 . Thermal 94 | . . . . . . 5 . 21 . 4 30 30 3 1 Explosive 4 | . . . . . . 3 . . . . 1 . . . Electromagnetic 82 | . 7 3 . 23 3 8 . 8 . 4 3 23 . . Robot Hit Streak 14 | . 1 3 . 14 3 8 . 9 . 11 5 9 1 . Robot Miss Streak 7 | . 2 1 . 2 2 4 . 7 . 3 3 2 1 . Penetration Max . | . . . . . . . . . . . . . . . Secondary Targets 1 | . . 1 . . . . . . . . . . . . Max Gunslinging Chain 1 | . . 1 . . . . . . . . . . . . Shots Hit Robots 203 | . 5 4 . 50 4 19 . 31 . 7 39 42 2 . Core Hits 104 | . 4 3 . 21 2 21 . 15 . . 19 16 3 . Critical Kills 1 | . . . . . . . . . . . 1 . . . Critical Parts Destroyed . | . . . . . . . . . . . . . . . Critical Strikes 9 | . . . . . . . . 2 . 1 6 . . . Blast 8 | . . . . . . . . 2 . 1 5 . . . Smash 1 | . . . . . . . . . . . 1 . . . Melee Attacks 15 | . . . . . 2 1 . 2 . . 8 . . 2 Impact 15 | . . . . . 2 1 . 2 . . 8 . . 2 Slashing . | . . . . . . . . . . . . . . . Piercing . | . . . . . . . . . . . . . . . Sneak Attacks . | . . . . . . . . . . . . . . . Combat Hostiles . | . . . . . . . . . . . . . . . Follow-up Attacks . | . . . . . . . . . . . . . . . Damage Inflicted 5916 | . 65 46 . 685 50 609 . 832 . 163 1738 1613 115 . Guns 1490 | . 65 46 . 572 50 188 . 133 . 4 387 45 . . Cannons 3342 | . . . . . . 122 . 699 . 159 846 1442 74 . Explosions 813 | . . . . 113 . 299 . . . . 307 94 . . Melee 167 | . . . . . . . . . . . 167 . . . Ramming 104 | . . . . . . . . . . . 31 32 41 . Kinetic 2142 | . 27 36 . 362 36 126 . 465 . 59 711 320 . . Thermal 2286 | . . . . 113 . 122 . 299 . 100 485 1093 74 . Explosive 606 | . . . . . . 299 . . . . 307 . . . Electromagnetic 611 | . 38 10 . 210 14 62 . 68 . 4 37 168 . . Impact 167 | . . . . . . . . . . . 167 . . . Slashing . | . . . . . . . . . . . . . . . Piercing . | . . . . . . . . . . . . . . . Highest Corruption 14 | . . . . . . 1 . 1 . . 9 6 14 12 Average Corruption 5 | . . . . . . 1 . 1 . . 7 4 10 4 Corruption Purged . | . . . . . . . . . . . . . . . Corruption Blocked . | . . . . . . . . . . . . . . . Effects 51 | . . . . . . 4 . 1 . . 25 6 10 5 Message Errors 14 | . . . . . . 1 . 1 . . 8 1 2 1 Matter Fused 11 | . . . . . . 1 . . . . 5 1 4 . Heat Flow Errors 7 | . . . . . . 2 . . . . 1 2 1 1 Energy Discharges 4 | . . . . . . . . . . . 2 2 . . Parts Rejected 4 | . . . . . . . . . . . 3 . . 1 Parts Fused 1 | . . . . . . . . . . . 1 . . . Data Loss (minor) 4 | . . . . . . . . . . . 2 . 1 1 Misfires 1 | . . . . . . . . . . . 1 . . . Alerts 2 | . . . . . . . . . . . 1 . . 1 Misdirections 2 | . . . . . . . . . . . . . 2 . Weapon Failures 1 | . . . . . . . . . . . 1 . . . Overload Shots . | . . . . . . . . . . . . . . . Overflow Damage 295 | . . . . 8 . . . 38 . . 165 84 . . Projectiles 131 | . . . . . . . . 38 . . 29 64 . . Explosions 125 | . . . . 8 . . . . . . 104 13 . . Melee 39 | . . . . . . . . . . . 32 7 . . Knockbacks 26 | . . . . . . . . 4 . . 15 7 . . Impact 1 | . . . . . . . . . . . 1 . . . Kinetic 22 | . . . . . . . . 4 . . 11 7 . . Secondary 3 | . . . . . . . . . . . 3 . . . Self-Inflicted Damage 174 | . . . . 35 . 43 . . . . 63 16 17 . Shots 4 | . . . . 1 . 2 . . . . 1 . . . Rammed 13 | . . . . . . . . . . . . 2 11 . Targets Rammed 21 | . . . . . . . . . . . 7 3 11 . Kicked 7 | . . . . . . . . . . . 7 . . . Crushed 1 | . . . . . . . . . . . . 1 . . Highest Temperature 504 | . . . . 72 63 193 . 504 . 195 198 199 174 370 Average Temperature 94 | . . . . 23 37 61 . 183 . 115 73 111 50 150 Received Heat Transfer 1783 | . . . . 147 18 36 . 72 . . 381 27 568 534 Effects 3 | . . . . . . . . 3 . . . . . . Shutdowns 1 | . . . . . . . . 1 . . . . . . Energy Bleed 1 | . . . . . . . . 1 . . . . . . Short Circuit 1 | . . . . . . . . 1 . . . . . . Siege Activations . | . . . . . . . . . . . . . . . Robots Corrupted 1 | . . . . . . . . . . . . 1 . . Combat Hostiles . | . . . . . . . . . . . . . . . Parts Fried 4 | . . . . . . . . . . . . 4 . . Impact Corruptions 2 | . . . . . . . . . . . 1 1 . . Robots Melted . | . . . . . . . . . . . . . . . Combat Hostiles . | . . . . . . . . . . . . . . . Parts Melted 3 | . . . . . . . . 1 . . 1 1 . . Heat Transferred 2739 | . . . . 150 . 185 . 472 . 148 555 1142 87 . Parts Sabotaged . | . . . . . . . . . . . . . . . Parts Stolen . | . . . . . . . . . . . . . . . Parts Stripped . | . . . . . . . . . . . . . . . Power Chain Reactions 3 | . . . . 2 . . . . . . . 1 . . Alert | -11 -10 -10 -9 -9 -8 -7 -6 -5 -4 -4 -4 -3 -3 -2 ------- Run | Yrd Mat Min Mat Sto Mat Fac Fac Fac Fac Was Fac Res Tes Res Peak Influence 358 | . 120 116 44 358 197 298 55 108 37 16 178 222 210 351 Initial 150 | . . 46 44 18 150 89 55 26 37 12 . 42 124 117 Average 96 | . 68 78 44 217 179 145 55 41 37 4 49 75 111 190 Maximum Alert Level 1 | . . . . 1 . 1 . . . . . 1 1 1 Low Security (%) 89 | 100 100 100 100 47 100 81 100 100 100 100 100 91 97 66 Level 1 10 | . . . . 52 . 18 . . . . . 8 2 33 Level 2 . | . . . . . . . . . . . . . . . Level 3 . | . . . . . . . . . . . . . . . Level 4 . | . . . . . . . . . . . . . . . Level 5 . | . . . . . . . . . . . . . . . High Security . | . . . . . . . . . . . . . . . Max Security . | . . . . . . . . . . . . . . . Squads Dispatched 20 | . 1 . . 2 . 6 . . . . 1 4 2 4 Investigation 1 | . . . . 1 . . . . . . . . . . Extermination 7 | . . . . . . 2 . . . . 1 3 . 1 Reinforcement 12 | . 1 . . 1 . 4 . . . . . 1 2 3 Assault . | . . . . . . . . . . . . . . . Garrison . | . . . . . . . . . . . . . . . Intercept . | . . . . . . . . . . . . . . . Searches Triggered . | . . . . . . . . . . . . . . . Construction Impeded 1 | . . . . . . . . . . . . . 1 . Haulers Reinforced . | . . . . . . . . . . . . . . . Active Scanning Responses . | . . . . . . . . . . . . . . . Cargo Convoy Interrupts . | . . . . . . . . . . . . . . . Stealth | -11 -10 -10 -9 -9 -8 -7 -6 -5 -4 -4 -4 -3 -3 -2 --------- Run | Yrd Mat Min Mat Sto Mat Fac Fac Fac Fac Was Fac Res Tes Res Distress Signals 5 | . 2 . . . . . . . . . . . 1 2 Communications Jammed . | . . . . . . . . . . . . . . . Distress Signals . | . . . . . . . . . . . . . . . Times Spotted 135 | . 8 3 . 14 1 12 . 11 . 6 25 14 19 22 Peak Tracking Total 17 | . 5 3 . 4 1 6 . 5 . 5 7 3 11 17 Tactical Retreats 16 | . 1 . . 1 . . . 2 . . 2 3 4 3 Traps | -11 -10 -10 -9 -9 -8 -7 -6 -5 -4 -4 -4 -3 -3 -2 ------- Run | Yrd Mat Min Mat Sto Mat Fac Fac Fac Fac Was Fac Res Tes Res Traps Triggered 13 | . . . . 2 . . . 2 1 . 3 . 3 2 Indirectly . | . . . . . . . . . . . . . . . Trap Hack Attempts . | . . . . . . . . . . . . . . . Triggered . | . . . . . . . . . . . . . . . Disarmed . | . . . . . . . . . . . . . . . Reprogrammed . | . . . . . . . . . . . . . . . Reused . | . . . . . . . . . . . . . . . Traps Extracted . | . . . . . . . . . . . . . . . Installed . | . . . . . . . . . . . . . . . Triggered . | . . . . . . . . . . . . . . . Machines | -11 -10 -10 -9 -9 -8 -7 -6 -5 -4 -4 -4 -3 -3 -2 ---------- Run | Yrd Mat Min Mat Sto Mat Fac Fac Fac Fac Was Fac Res Tes Res Machines Disabled 3 | . . . . 1 . . . . . . 1 1 . . Max in Single Turn 1 | . . . . 1 . . . . . . 1 1 . . Machines Repaired . | . . . . . . . . . . . . . . . Machines Dismantled . | . . . . . . . . . . . . . . . Machines Sabotaged . | . . . . . . . . . . . . . . . Overloaded Fab Kills . | . . . . . . . . . . . . . . . Hacking | -11 -10 -10 -9 -9 -8 -7 -6 -5 -4 -4 -4 -3 -3 -2 --------- Run | Yrd Mat Min Mat Sto Mat Fac Fac Fac Fac Was Fac Res Tes Res Machines Accessed 14 | . 3 . . . . 3 . 1 . . 3 2 1 1 Terminals 13 | . 3 . . . . 2 . 1 . . 3 2 1 1 Fabricators 1 | . . . . . . 1 . . . . . . . . Repair Stations . | . . . . . . . . . . . . . . . Recycling Units . | . . . . . . . . . . . . . . . Scanalyzers . | . . . . . . . . . . . . . . . Garrison Access . | . . . . . . . . . . . . . . . Total Hacks 23 | . 6 . . . . 4 . 2 . . 4 4 2 1 Successful 10 | . 3 . . . . 1 . . . . 3 2 1 . Failed 13 | . 3 . . . . 3 . 2 . . 1 2 1 1 Catastrophic 4 | . 2 . . . . . . . . . . 2 . . Database Lockouts . | . . . . . . . . . . . . . . . Manual 1 | . 1 . . . . . . . . . . . . . Terminals 22 | . 6 . . . . 3 . 2 . . 4 4 2 1 Fabricators 1 | . . . . . . 1 . . . . . . . . Repair Stations . | . . . . . . . . . . . . . . . Recycling Units . | . . . . . . . . . . . . . . . Scanalyzers . | . . . . . . . . . . . . . . . Garrison Access . | . . . . . . . . . . . . . . . Terminal Hacks 10 | . 3 . . . . 1 . . . . 3 2 1 . Robot Analysis 1 | . 1 . . . . . . . . . . . . . Prototype ID Bank 1 | . 1 . . . . . . . . . . . . . Emergency Access Points 1 | . . . . . . . . . . . 1 . . . Terminal Index 1 | . 1 . . . . . . . . . . . . . Alert Level 2 | . . . . . . 1 . . . . 1 . . . Locate Traps 3 | . . . . . . . . . . . . 2 1 . Zone Layout 1 | . . . . . . . . . . . 1 . . . Fabricator Hacks . | . . . . . . . . . . . . . . . Repair Station Hacks . | . . . . . . . . . . . . . . . Recycling Unit Hacks . | . . . . . . . . . . . . . . . Scanalyzer . | . . . . . . . . . . . . . . . Garrison Access Hacks . | . . . . . . . . . . . . . . . Unauthorized Hacks . | . . . . . . . . . . . . . . . Terminals . | . . . . . . . . . . . . . . . Fabricators . | . . . . . . . . . . . . . . . Repair Stations . | . . . . . . . . . . . . . . . Recycling Units . | . . . . . . . . . . . . . . . Scanalyzers . | . . . . . . . . . . . . . . . Garrison Access . | . . . . . . . . . . . . . . . Data Cores Recovered 1 | . 1 . . . . . . . . . . . . . Used 1 | . 1 . . . . . . . . . . . . . Hacking Detections 11 | . 1 . . . . 3 . 1 . . 3 2 . 1 Full Trace Events . | . . . . . . . . . . . . . . . Feedback Events . | . . . . . . . . . . . . . . . Feedback Blocked . | . . . . . . . . . . . . . . . Robot Schematics Acquired . | . . . . . . . . . . . . . . . Robots Built . | . . . . . . . . . . . . . . . Authchips . | . . . . . . . . . . . . . . . Time . | . . . . . . . . . . . . . . . Total Robot Build Rating . | . . . . . . . . . . . . . . . Part Schematics Acquired . | . . . . . . . . . . . . . . . Parts Built . | . . . . . . . . . . . . . . . Authchips . | . . . . . . . . . . . . . . . Time . | . . . . . . . . . . . . . . . Total Part Build Rating . | . . . . . . . . . . . . . . . Parts Repaired . | . . . . . . . . . . . . . . . Time . | . . . . . . . . . . . . . . . Parts Recycled . | . . . . . . . . . . . . . . . Recycled Matter . | . . . . . . . . . . . . . . . Retrieved Matter . | . . . . . . . . . . . . . . . Retrieved Components . | . . . . . . . . . . . . . . . Parts Scanalyzed . | . . . . . . . . . . . . . . . Part Schematics Acquired . | . . . . . . . . . . . . . . . Parts Damaged . | . . . . . . . . . . . . . . . Bothacking | -11 -10 -10 -9 -9 -8 -7 -6 -5 -4 -4 -4 -3 -3 -2 ------------ Run | Yrd Mat Min Mat Sto Mat Fac Fac Fac Fac Was Fac Res Tes Res Used RIF Installer . | . . . . . . . . . . . . . . . Robots Hacked . | . . . . . . . . . . . . . . . Non-combat . | . . . . . . . . . . . . . . . Combat . | . . . . . . . . . . . . . . . Robot Hacks Applied . | . . . . . . . . . . . . . . . Relay Couplers Released 4 | . . . . . . . . . . . . 4 . . Programmers 4 | . . . . . . . . . . . . 4 . . Fabnet Peak Effective % . | . . . . . . . . . . . . . . . Robots Rewired . | . . . . . . . . . . . . . . . Allies Hacked . | . . . . . . . . . . . . . . . Hacks Repelled . | . . . . . . . . . . . . . . . Allies | -11 -10 -10 -9 -9 -8 -7 -6 -5 -4 -4 -4 -3 -3 -2 -------- Run | Yrd Mat Min Mat Sto Mat Fac Fac Fac Fac Was Fac Res Tes Res Total Allies 1 | . . . . . . . . . . 1 . . . . Largest Group 1 | . . . . . . . . . . 1 . . . . Highest-Rated Group 46 | . . . . . . . . . . 46 . . . . Highest-Rated Ally 46 | . . . . . . . . . . 46 . . . . Total Orders . | . . . . . . . . . . . . . . . Ally Attacks 12 | . . . . . . . . . . 12 . . . . Total Damage 317 | . . . . . . . . . . 317 . . . . Kills 1 | . . . . . . . . . . 1 . . . . Allies Corrupted . | . . . . . . . . . . . . . . . Allies Melted . | . . . . . . . . . . . . . . . Intel | -11 -10 -10 -9 -9 -8 -7 -6 -5 -4 -4 -4 -3 -3 -2 ------- Run | Yrd Mat Min Mat Sto Mat Fac Fac Fac Fac Was Fac Res Tes Res Robot Analysis Total 1 | . 1 . . . . . . . . . . . . . Derelict Logs Recovered 3 | . . 3 . . . . . . . . . . . . Drone Launches . | . . . . . . . . . . . . . . . Drone Recoveries . | . . . . . . . . . . . . . . . Exploration | -11 -10 -10 -9 -9 -8 -7 -6 -5 -4 -4 -4 -3 -3 -2 ------------- Run | Yrd Mat Min Mat Sto Mat Fac Fac Fac Fac Was Fac Res Tes Res Turns Passed 4864 | 2 173 212 60 393 168 766 41 492 48 107 1178 772 168 284 Spaces Moved 3613 | 1 120 197 41 255 134 643 47 289 29 99 702 396 169 491 Core 439 | . . . . . . . . . . . . . 127 312 Treads 675 | . . . . . . . . 64 29 14 238 330 . . Legs 231 | 1 89 . . . . . . . . . 141 . . . Wheels 1720 | . 31 197 41 255 134 643 47 225 . . 125 . . 22 Hover 391 | . . . . . . . . . . 85 198 66 42 . Flight 157 | . . . . . . . . . . . . . . 157 Fastest Speed 40 | 120 100 100 100 100 93 85 85 85 165 60 60 104 44 40 Average Speed 106 | 120 114 100 100 109 93 88 85 122 165 95 136 163 75 48 Slowest Speed 320 | 120 120 100 100 115 93 95 85 250 165 250 180 180 320 100 Overloaded Moves . | . . . . . . . . . . . . . . . Propulsion Burnouts . | . . . . . . . . . . . . . . . Robots Hopped 4 | . . . . . . . . . . . . . . 4 Cave-ins Triggered . | . . . . . . . . . . . . . . . Exploration Rate (%) 24 | 2 25 52 6 45 16 20 1 9 2 80 24 18 44 22 Regions Visited 14 Branch Regions 3 Pre-discovered Areas 2 | . . 1 . 1 . . . . . . . . . . Known Exits Taken 6 | . . . 1 . . 1 1 1 . . 1 1 . . Unknown Exits Taken 6 | 1 1 1 . 1 1 . . . . . . . 1 . Scrap Searched 1 | . . 1 . . . . . . . . . . . . Spaces Dug 19 | . . . . . 2 1 . 2 . . 11 . . 3 Terrain Destroyed 68 | . . . . 4 2 13 . 6 . 2 30 7 1 3 Melee 10 | . . . . . 2 1 . 2 . . 3 . . 2 Projectile 28 | . . . . . . . . 4 . 2 13 7 1 1 AOE 30 | . . . . 4 . 12 . . . . 14 . . . Terrain Rammed . | . . . . . . . . . . . . . . . Walls Destroyed . | . . . . . . . . . . . . . . . Machines Disabled . | . . . . . . . . . . . . . . . Actions | -11 -10 -10 -9 -9 -8 -7 -6 -5 -4 -4 -4 -3 -3 -2 --------- Run | Yrd Mat Min Mat Sto Mat Fac Fac Fac Fac Was Fac Res Tes Res Total 4313 | 1 140 208 60 323 171 821 47 377 30 102 836 466 203 528 Wait 242 | . 3 3 17 17 11 123 . 33 . . 14 10 . 11 Move 3594 | . 119 196 40 254 133 642 46 288 29 98 701 395 168 485 Hop 2 | . . . . . . . . . . . . . . 2 Pick Up 86 | . 6 5 1 10 8 14 . 8 . . 21 8 1 4 Fast Attach 54 | . 1 . . 3 . 3 . 7 . . 19 9 8 4 Attach 47 | . . . 2 3 2 4 . 8 1 . 14 5 3 5 Detach 6 | . . . . . . . . . . . 1 . 2 3 Swap 37 | 1 3 . . 5 5 8 1 4 . . 5 5 . . Drop 55 | . 1 1 . 8 7 15 . 2 . . 9 8 1 3 Fire 139 | . 7 3 . 23 3 11 . 25 . 4 37 23 2 1 Melee 15 | . . . . . 2 1 . 2 . . 8 . . 2 Ram 12 | . . . . . . . . . . . . 1 11 . Kick 7 | . . . . . . . . . . . 7 . . . Crush 2 | . . . . . . . . . . . . 2 . . Escape Stasis 15 | . . . . . . . . . . . . . 7 8 Rewire . | . . . . . . . . . . . . . . . Trap . | . . . . . . . . . . . . . . . Miscellaneous . | . . . . . . . . . . . . . . . Route ------- -11/Scrapyard -10/Materials -10/Mines -9/Materials (discovered 3 exits: Min x2 / *Sto) -9/Storage -8/Materials -7/Factory (discovered 2 exits: *Fac / *Low) -6/Factory -5/Factory -4/Factory -4/Waste -4/Factory (discovered 2 exits: *Res / *Upp) -3/Research -3/Testing -2/Research History --------- Turn | Location | Event 3 | -11/Scrapyard | Discovered new exit (range 0) 3 | -11/Scrapyard | Entered Materials 162 | -10/Materials | Discovered new exit (range 14) 176 | -10/Materials | Entered Mines 181 | -10/Mines | Learned location of 1 exit from Materials 237 | -10/Mines | Found DCF Scrap (14 items) 309 | -10/Mines | Build established: Mutant 312 | -10/Mines | Learned location of 1 exit from Materials 377 | -10/Mines | Discovered new exit (range 11) 386 | -10/Mines | Learned location of Storage (-9) 388 | -10/Mines | Entered Materials 388 | -9/Materials | Evolved 2 slots: Utility x1, Weapon x1 389 | -9/Materials | Identified exit to Storage 390 | -9/Materials | Identified exit to Mines 448 | -9/Materials | Entered Storage 526 | -9/Storage | Met 01-MTF 693 | -9/Storage | Learned location of Armory (-3) 706 | -9/Storage | Build established: Tank 817 | -9/Storage | Discovered new exit (range 16) 841 | -9/Storage | Entered Materials 841 | -8/Materials | Accompanied by 1 ally (01-MTF) 841 | -8/Materials | Evolved 2 slots: Propulsion x1, Utility x1 845 | -8/Materials | 01-MTF left 1007 | -8/Materials | Discovered new exit (range 3) 1009 | -8/Materials | Entered Factory 1009 | -7/Factory | Evolved 2 slots: Propulsion x1, Utility x1 1574 | -7/Factory | Discovered new exit (range 5) 1580 | -7/Factory | Identified exit to Lower Caves 1770 | -7/Factory | Discovered new exit (range 7) 1774 | -7/Factory | Identified exit to Factory 1775 | -7/Factory | Entered another Factory area 1775 | -6/Factory | Evolved 2 slots: Power x1, Propulsion x1 1808 | -6/Factory | Discovered new exit (range 10) 1815 | -6/Factory | Identified exit to Factory 1816 | -6/Factory | Entered another Factory area 1816 | -5/Factory | Evolved 2 slots: Utility x2 1838 | -5/Factory | Build established: Scavenger-Skirmisher 2153 | -5/Factory | Lost 10 parts (2p4n1u3w) 2205 | -5/Factory | Discovered new exit (range 14) 2307 | -5/Factory | Identified exit to Factory 2308 | -5/Factory | Entered another Factory area 2308 | -4/Factory | Evolved 2 slots: Propulsion x2 2356 | -4/Factory | Discovered new exit (range 6) 2356 | -4/Factory | Sucked down chute 2356 | -4/Factory | Entered Waste 2357 | -4/Waste | Met a frightened Derelict 2368 | -4/Waste | Spotted C-40 Crusher 2374 | -4/Waste | Spotted C-40 Crusher 2379 | -4/Waste | Spotted C-40 Crusher 2387 | -4/Waste | Crushed by Compactor (1 part destroyed, 1 dropped) 2391 | -4/Waste | Allies destroyed C-40 Crusher 2393 | -4/Waste | Crushed by Compactor (1 part destroyed, 2 dropped) 2396 | -4/Waste | Crushed by Compactor (1 part destroyed, 1 dropped) 2418 | -4/Waste | Spotted C-40 Crusher 2427 | -4/Waste | Lost 4 parts (2n1u1w) 2428 | -4/Waste | Crushed by Compactor (1 part destroyed, 2 dropped) 2438 | -4/Waste | Spotted C-40 Crusher 2438 | -4/Waste | Spotted C-40 Crusher 2458 | -4/Waste | Discovered new exit (range 10) 2462 | -4/Waste | Identified exit to Factory 2463 | -4/Waste | Entered Factory 3151 | -4/Factory | Discovered new exit (range 12) 3164 | -4/Factory | Identified exit to Upper Caves 3171 | -4/Factory | Lost 12 parts (1p7n2u2w) 3463 | -4/Factory | Build established: Skirmisher 3631 | -4/Factory | Discovered new exit (range 7) 3640 | -4/Factory | Identified exit to Research 3641 | -4/Factory | Entered Research 3641 | -3/Research | Evolved 2 slots: Power x1, Utility x1 4405 | -3/Research | Discovered new exit (range 8) 4412 | -3/Research | Identified exit to Testing 4413 | -3/Research | Entered Testing 4489 | -3/Testing | System corruption reached 10% 4489 | -3/Testing | Released all parts (9) 4521 | -3/Testing | Lost 10 parts (1p5n4u) 4535 | -3/Testing | Spotted Alpha 7 4558 | -3/Testing | Scanned by Researcher 4573 | -3/Testing | Core integrity fell below 50% 4576 | -3/Testing | Discovered new exit (range 10) 4581 | -3/Testing | Entered Research 4581 | -2/Research | Evolved 2 slots: Propulsion x1, Utility x1 4603 | -2/Research | Lost 3 parts (1p2n) 4706 | -2/Research | Spotted B-90 Cyclops 4792 | -2/Research | Build established: Mutant 4834 | -2/Research | Core integrity fell below 50% 4857 | -2/Research | Core integrity fell below 20% 4861 | -2/Research | System corruption reached 10% 4865 | -2/Research | Destroyed by H-81 Overseer with Heavy Linear Accelerator Last Messages --------------- 04819_ Acquired Lgt. Quantum Reactor. 04823_ K-01 Serf destroyed. 04823_ K-01 Serf collects debris. 04825_ Acquired 30 matter. 04825_ K-01 Serf collects debris. 04825_ R-10 Processor collects Wheel. 04826_ System corrupted: Field Propulsion Array rejected. 04828_ K-01 Serf collects debris. 04829_ Power Maul destroyed. 04831_ ALERT: Rogue bot located, Programmers report to Research Zone 3S. 04831_ R-10 Processor collects Med. Matter Pod. 04833_ ALERT: Suspicious intruders detected, dispatching Cutter reinforcements to area. 04844_ Acquired Centrium Wheel. 04849_ Knocked back. 04852_ System corrupted: Heat flow error (+213). 04853_ Penetrated by Slug. 04853_ Knocked back. 04855_ W-44 Eye sends out distress signal. 04858_ P-80 Master resets P-80 Master, system corruption cleaned. Map ----- +----------------------------------------------------+ | ?????????????????????????????????????????????????? | | ?????????????????????????????????????????????????? | | ?????????????????????????????????????????????????? | | ?????????????????????????????????????????????????? | | ?????????????????????????????????????????????????? | | ?????????????????????????????????????????????????? | | ?????????????????????????????????????????????????? | | ?????????????????????????????????????????????????? | | ?????????????????????????????????????????????????? | | ?????????????????????????????????????????????????? | | ???????????????????????????????? ????????????????? | | ???????????????????????????????? ????????????????? | | ???????????????????????????????? ??????????? ????? | | ???????????????????????????????? ?????????? +??? | | ???????????????????????????????? ?????????? #??? | | ???????????????????????????????? ?????????? #??? | | ???????????????????????????????? ?????????? #??? | | ???????????????????????????????# #????????# #??? | | ???????????????????????????????# #????????# #??? | | ???????????????????????????????# #????????# #??? | | ???????????????????????????????# #????????+ #??? | | ???????????????????????????????# #????????# #??? | | ???????????????????????????????# #????????# #??? | | ???????????????????????????????# #???????## ##?? | | ????????????????????####+####### #####"### #?? | | ????????????????????# @ s k % p #?? | | ????????????????????+ s %H +?? | | ????????????????????# p #?? | | ????????????????????# ######## ###;## #?? | | ????????????????????# ???????# #?######/##### | | ????????????????????# ????????# #??# % # | | ????????????????????# ????????# #??# # | | ????????????????????# ?????????# #??# # | | ????????????????????# ?????????# #??# # | | ????????????????????#??????????# ####/###"##### | | ???????????????????????????????# ## #???? | | ???????????????????????????????# ## =* #???? | | ???????????????????????????????# ##"" [* #???? | | ???????????????????????????????# ##"" #???? | | ???????????????????????????????# ##"" ##### | | ???????????????????????????????? ?#T # | | ?????????????????????????????????????#"" / | | ?????????????????????????????????????#"" # | | ?????????????????????????????????????#"" # | | ?????????????????????????????????????# # | | ?????????????????????????????????????# = # | | ?????????????????????????????????????#####/### | | ????????????????????????????????????????? ^? | | ???????????????????????????????????????? | | ??????????????????????????????????????? | +----------------------------------------------------+ Best States ------------- Heat Dissipation 69 Coolant Potential 165 Energy Generation 51 Energy Capacity 450 Matter Stores 300 Matter Capacity 300 Sight Range 22 Robot Scan Range 14 Terrain Scan Range 20 Terrain Scan Density 10 Additional Mass Support 9 Base Temperature (-) 200 Armor Coverage 150 Propulsion Shielding 66 Evasion (%) 62 Recoil Reduction 5 Offensive Hacking 12 Item Schematics ----------------- None Robot Schematics ------------------ None Fabricated ------------ Nothing Alien Tech Used ----------------- None Achievements -------------- None Challenges ------------ None Game ------ Seed LatentTractorTube Manual? 0 Play Time 02:22:51 Cumulative 111.2 hours Start 2024.09.17 @ 14:18:50 End 2024.09.17 @ 17:06:19 Sessions 1 Manual Loads 0 Difficulty Rogue Special Mode None Game No. 62 Rogue 62 Adventurer 0 Explorer 0 Win Type - Total 1 Types 1/0/0/0/0/0/0/0/0 Lore% 22 Gallery% 47 Achievement% 37 Wizard Run 0 Options --------- Layout 0 ASCII 0 Keyboard 0 Movement Mouse Keybinds 0 Fullscreen 1 Font 18/SmallcapsGlow Map View 76x50 Zoom Use 0% Tactical HUD 1 Map Filters NONE Filters NONE Steam 1 RUN: 97df3cc5-e477-4a9c-a956-b4fee42e1206